 Dungeon Sprint DCSS version 0.22.1-2-g9c5b331383 (webtiles) character file.

23908 Groucho the Tortoise (level 12, 0/125 HPs)
             Began as a Minotaur Fighter on Dec 19, 2018.
             Was the Champion of Cheibriados.
             Slain by an orc warlord
             ... wielding a +2 war axe of freezing
              (14 damage)
             ... in the Dungeon (Sprint VII: "The Pits").
             The game lasted 00:09:22 (4565 turns).

Groucho the Tortoise (Minotaur Fighter)             Turns: 4565, Time: 00:09:23

Health: 0/125      AC: 24    Str: 35    XL:     12   Next: 76%
Magic:  22/22      EV: 19    Int: 20    God:    Cheibriados [******]
Gold:   10         SH: 17    Dex: 31    Spells: 11/11 levels left

rFire    . . .     SeeInvis .   u - +2 war axe (freeze)
rCold    . . .     Gourm    .   c - +0 shield
rNeg     . . .     Faith    .   a - +4 chain mail
rPois    .         Spirit   .   (helmet restricted)
rElec    .         Reflect  .   v - +0 cloak
rCorr    .         Harm     .   (no gloves)
MR       .....     NoTele   +   w - +0 pair of boots
Stlth    ..........             (no amulet)
HPRegen  0.30/turn              q - +3 ring of protection
MPRegen  0.18/turn              r - +3 ring of evasion

@: lethally poisoned (0 -> -1), very slow
A: retaliatory headbutt, horns 2
a: Bend Time, Temporal Distortion, Slouch, Step From Time, Renounce Religion


You were in the Dungeon.
You worshipped Cheibriados.
Cheibriados was exalted by your worship.
You were not hungry.

You visited 1 branch You collected 10 gold pieces.

Inventory:

Hand Weapons
 b - a +3 mace of protection
 u - a +2 war axe of freezing (weapon)
Missiles
 p - 10 stones (quivered)
Armour
 a - a +4 chain mail (worn)
 c - a +0 shield (worn)
 v - a +0 cloak (worn)
 w - a +0 pair of boots (worn)
Jewellery
 q - a +3 ring of protection (left hand)
 r - a +3 ring of evasion (right hand)
 z - an uncursed ring of ice
 A - an uncursed ring of ice
 B - an uncursed ring of protection from fire
Scrolls
 d - 6 scrolls of enchant weapon
 k - 3 scrolls of blinking
 m - 5 scrolls of remove curse
 n - 5 scrolls of amnesia
 o - a scroll of summoning
 x - 5 scrolls of identify
 y - 2 scrolls of enchant armour
Potions
 e - 3 potions of heal wounds
 g - 8 potions of curing
 h - a potion of haste
 i - a potion of magic
 j - 2 potions of berserk rage
 l - a potion of invisibility
 s - 2 potions of might
 t - 2 potions of brilliance
Comestibles
 f - 8 rations


   Skills:
 + Level 17.1 Fighting
 + Level 16.8 Axes
 + Level 17.1 Armour
 + Level 6.0 Dodging
 - Level 15.6 Shields
 + Level 7.3 Unarmed Combat
 - Level 15.5 Invocations


You had 11 spell levels left.
You didn't know any spells.
Your spell library was empty.

Dungeon Overview and Level Annotations

Branches:
Dungeon (1/1)

Altars:
Ashenzari
Cheibriados
Dithmenos
Elyvilon
Fedhas
Gozag
Hepliaklqana
Kikubaaqudgha
Makhleb
Nemelex Xobeh
Okawaru
Qazlal
Ru
Sif Muna
Trog
Uskayaw
Vehumet
Wu Jian
Xom
Yredelemnul
Zin
The Shining One
Beogh
Jiyva
Lugonu

Annotations:
D Prince Ribbit


Innate Abilities, Weirdness & Mutations

You reflexively headbutt those who attack you in melee.
You have a pair of horns on your head.


Message History

The orc warlord unwields an uncursed arbalest.
The orc warlord wields an uncursed great mace.
The orc warlord hits you with an uncursed great mace!!!
* * * LOW HITPOINT WARNING * * *
You hear a shout!
You feel much better.
You feel sick.
You hear a shout!
You block the orc warlord's attack. You block the orc knight's attack.
An orc knight comes into view. It is wielding a great mace.
You feel much better. The orc warlord completely misses you.
You block the orc warlord's attack. You block the orc knight's attack.
You don't have enough magic at the moment.
Unknown command.
Unknown command.
Magic courses through your body.
The orc warlord hits you with an uncursed great mace!!
The orc warlord hits you with a war axe of freezing!!
* * * LOW HITPOINT WARNING * * *
The orc warlord freezes you!
You die...

#++###########################
#...)..)).....oo).....†.......
#...[÷..)....@o)o.............
#..##############''###########
#..# ..... #..# ..o..# #..#
..#### #..# ... #..#


ooo. #).# oo.o ####..# You could see 2 orc warlords and 2 orc knights.

Vanquished Creatures
  A profane servitor (D)
  A nagaraja (D)
  A deep elf sorcerer (D)
  A merfolk javelineer (D)
  A merfolk impaler (D)
  3 hydras (D)
  A great orb of eyes (D)
  Erolcha (D)
  An alligator snapping turtle (D)
  An alligator (D)
  A swamp dragon (D)
  A flayed ghost (D)
  A wizard (D)
  A lindwurm (D)
  5 orc knights (D)
  A phantasmal warrior (D)
  A wolf spider (D)
  A cyclops (D)
  3 deep elf magi (D)
  A merfolk siren (D)
  2 black mambas (D)
  A freezing wraith (D)
  A kobold demonologist (D)
  A komodo dragon (D)
  A guardian mummy (D)
  A tyrant leech (D)
  6 merfolk (D)
  A flying skull (D)
  A shadow (D)
  A ynoxinul (D)
  A spriggan (D)
  A wraith (D)
  A warg (D)
  A water moccasin (D)
  An acid dragon (D)
  2 swamp drakes (D)
  A porcupine (D)
  A black bear (D)
  2 orc warriors (D)
  A sky beast (D)
  A phantom (D)
  2 eyes of draining (D)
  A crocodile (D)
  A big kobold (D)
  A gnoll sergeant (D)
  A bullfrog (D)
  A scorpion (D)
  A crimson imp (D)
  2 orc priests (D)
  2 orc wizards (D)
  A hound (D)
  An iguana (D)
  A mummy (D)
  6 gnolls (D)
  An adder (D)
  A white imp (D)
  An ufetubus (D)
  A leopard gecko (D)
  8 orcs (D)
  2 giant cockroaches (D)
  2 hobgoblins (D)
  4 jackals (D)
  A quokka (D)
  2 ball pythons (D)
  A bat (D)
  A kobold (D)
  A leopard gecko skeleton (D)
104 creatures vanquished.

Notes
Turn   | Place    | Note
-------+----------+-------------------------------------------
     0 | D        | Groucho the Minotaur Fighter began the quest for the Orb.
     0 | D        | Reached XP level 1. HP: 19/19 MP: 0/0
    21 | D        | Reached XP level 2. HP: 28/28 MP: 1/1
    87 | D        | Found a bloodstained altar of Trog.
    87 | D        | Found a deep blue altar of Sif Muna.
    87 | D        | Found a viscous altar of Jiyva.
    87 | D        | Found a hazy altar of Hepliaklqana.
    87 | D        | Found an opulent altar of Gozag.
    88 | D        | Found a glowing golden altar of the Shining One.
    88 | D        | Found a glowing silver altar of Zin.
    88 | D        | Found a basalt altar of Yredelemnul.
    88 | D        | Found a shimmering altar of Xom.
    88 | D        | Found an ornate altar of the Wu Jian Council.
    88 | D        | Found a sacrificial altar of Ru.
    88 | D        | Found a stormy altar of Qazlal.
    88 | D        | Found an iron altar of Okawaru.
    88 | D        | Found a sparkling altar of Nemelex Xobeh.
    88 | D        | Found a burning altar of Makhleb.
    88 | D        | Found a blossoming altar of Fedhas.
    88 | D        | Found a white marble altar of Elyvilon.
    88 | D        | Found a shadowy altar of Dithmenos.
    88 | D        | Found a snail-covered altar of Cheibriados.
    90 | D        | Found a radiant altar of Vehumet.
    90 | D        | Found a corrupted altar of Lugonu.
    90 | D        | Found a roughly hewn altar of Beogh.
    91 | D        | Found a hide-covered altar of Uskayaw.
    91 | D        | Found an ancient bone altar of Kikubaaqudgha.
    91 | D        | Found a shattered altar of Ashenzari.
    99 | D        | Became a worshipper of Cheibriados the Contemplative
   119 | D        | Reached * piety under Cheibriados
   324 | D        | Reached skill level 5 in Fighting
   324 | D        | Reached skill level 5 in Armour
   324 | D        | Reached skill level 5 in Shields
   325 | D        | Reached ** piety under Cheibriados
   325 | D        | Reached XP level 3. HP: 36/36 MP: 2/2
   331 | D        | Noticed a gnoll sergeant
   337 | D        | Reached *** piety under Cheibriados
   341 | D        | Reached **** piety under Cheibriados
   350 | D        | Killed a gnoll sergeant
   350 | D        | Reached ***** piety under Cheibriados
   350 | D        | Reached XP level 4. HP: 7/42 MP: 2/8
   352 | D        | Reached XP level 5. HP: 9/48 MP: 2/9
   866 | D        | Noticed Prince Ribbit
   875 | D        | Reached ****** piety under Cheibriados
   876 | D        | Noticed a flying skull
   880 | D        | Killed a flying skull
   880 | D        | Reached XP level 6. HP: 53/56 MP: 8/14
   907 | D        | Noticed a porcupine
   909 | D        | Killed a porcupine
   912 | D        | Noticed a deep elf mage
   922 | D        | Killed a deep elf mage
   922 | D        | Reached XP level 7. HP: 38/61 MP: 14/16
  1255 | D        | Noticed a spriggan
  1256 | D        | Reached skill level 15 in Invocations
  1256 | D        | Killed a spriggan
  1256 | D        | Reached XP level 8. HP: 68/68 MP: 16/18
  1499 | D        | Noticed a merfolk siren
  1509 | D        | Killed a merfolk siren
  1509 | D        | Reached skill level 5 in Axes
  1513 | D        | Noticed a tyrant leech
  1536 | D        | Killed a tyrant leech
  1938 | D        | Noticed a cyclops
  1951 | D        | Killed a cyclops
  1951 | D        | Reached XP level 9. HP: 65/82 MP: 19/19
  2117 | D        | Noticed a great orb of eyes
  2117 | D        | Paralysed by a great orb of eyes for 6 turns
  2130 | D        | Killed a great orb of eyes
  2136 | D        | Noticed a five-headed hydra
  2137 | D        | Reached skill level 10 in Fighting
  2137 | D        | Reached skill level 10 in Armour
  2140 | D        | Killed a six-headed hydra
  2140 | D        | Reached skill level 10 in Axes
  2140 | D        | Reached skill level 10 in Shields
  2365 | D        | Reached XP level 10. HP: 94/94 MP: 8/20
  2579 | D        | Noticed an orc knight
  2581 | D        | Noticed a merfolk javelineer
  2582 | D        | Noticed a profane servitor
  2583 | D        | Noticed an alligator
  2586 | D        | Killed an orc knight
  2590 | D        | Killed a profane servitor
  2590 | D        | Reached XP level 11. HP: 29/107 MP: 21/21
  2590 | D        | Killed an alligator
  2593 | D        | Killed a merfolk javelineer
  2626 | D        | Noticed a phantasmal warrior
  2642 | D        | Killed a phantasmal warrior
  2988 | D        | Noticed a wizard
  2992 | D        | Killed a wizard
  2994 | D        | Noticed a four-headed hydra
  2995 | D        | Noticed a deep elf mage
  2995 | D        | Noticed a lindwurm
  2995 | D        | Noticed a swamp dragon
  2999 | D        | Killed a four-headed hydra
  2999 | D        | Killed a lindwurm
  2999 | D        | Killed a deep elf mage
  2999 | D        | Reached skill level 15 in Fighting
  2999 | D        | Reached skill level 15 in Armour
  2999 | D        | Reached skill level 15 in Shields
  3000 | D        | Killed a swamp dragon
  3213 | D        | Noticed a nagaraja
  3223 | D        | Killed a nagaraja
  3223 | D        | Reached skill level 15 in Axes
  3223 | D        | Reached XP level 12. HP: 67/121 MP: 22/22
  3805 | D        | Reached skill level 1 in Unarmed Combat
  3813 | D        | Noticed an alligator snapping turtle
  3813 | D        | Noticed Erolcha
  3816 | D        | Killed Erolcha
  3835 | D        | Killed an alligator snapping turtle
  4159 | D        | Noticed a six-headed hydra
  4167 | D        | Killed a nine-headed hydra
  4167 | D        | Reached skill level 1 in Dodging
  4489 | D        | Reached skill level 5 in Unarmed Combat
  4535 | D        | Noticed a merfolk impaler
  4536 | D        | Noticed an orc warlord
  4543 | D        | Killed a merfolk impaler
  4545 | D        | Noticed a deep elf sorcerer
  4548 | D        | Reached skill level 5 in Dodging
  4548 | D        | Noticed an orc warlord
  4552 | D        | Killed a deep elf sorcerer
  4565 | D        | Slain by an orc warlord

Skill      XL: |  1  2  3  4  5  6  7  8  9 10 11 12 |
---------------+-------------------------------------+-----
Fighting       | 4 5 8 10 13 15 17 | 17.1
Axes           | 3 4 8 10 13 15 16 | 16.8
Armour         | 4 5 8 10 13 15 17 | 17.1
Shields        | 4 5 8 10 13 15 | 15.6
Invocations    | 7 12 14 15 | 15.5
Unarmed Combat | 7 |  7.3
Dodging        | 6 |  6.0

Action                   |  1- 3 |  4- 6 |  7- 9 | 10-12 || total
-------------------------+-------+-------+-------+-------++-------
Melee: War axe           |    31 |    21 |    55 |    80 ||   187
       Headbutt          |     5 |     5 |    21 |    33 ||    64
Invok: Slouch            |       |     1 |     5 |    20 ||    26
  Use: Potion            |     5 |       |     1 |    15 ||    21
 Stab: Invisible         |     2 |     1 |       |       ||     3
  Eat: Ration            |       |       |     1 |     1 ||     2
Armor: Scale mail        |    18 |       |       |       ||    18
       Chain mail        |       |     5 |    12 |    38 ||    55
Dodge: Dodged            |    22 |     4 |     7 |    55 ||    88
Block: Shield            |    30 |    12 |    25 |   110 ||   177
